AoeStats
← sir8Lampard

Nomad

509062418Analyzed
3v3 RM · 8d ago on Sep 25, 2026· 31m 13s· 6 players
Game mode
Random Map
Map size
210×210
Population
200
Speed
Normal
Resources
Standard
Victory
Conquest
Starting age
Dark Age
Ending age
Imperial Age
RankedLock teamsTeams togetherTeam positionsShared explorationLock speedFull tech treeHidden civsTurbo modeCheats
Victory
Defeat
🇧🇪 Celts · Belgium
660
+16
🇷🇺 Japanese · Russia
651
+17
🇮🇹 Celts · Italy
620
+18
786
-22
🇪🇸 Vietnamese · Spain
606
-15
🇷🇴 Turks · Romania
597
-14
sir8Lampard
4:36 Loom
7:01 Loom
17:26 Feudal Age
19:04 Wheelbarrow
19:10 Man-at-Arms
20:57 Double-Bit Axe
22:09 Fishing Lines
30:58 Castle Age
Anesthetized
15:25 Feudal Age
16:24 Double-Bit Axe
18:36 Wheelbarrow
22:25 Gold Mining
24:19 Stone Mining
27:01 Castle Age
25:54 Horse Collar
27:06 Fishing Lines
29:10 Bow Saw
30:15 Arson
29:54 Man-at-Arms
30:21 Gambesons
31:03 Hand Cart
SirPresident765
4:32 Loom
17:31 Feudal Age
21:42 Wheelbarrow
24:05 Castle Age
22:29 Fishing Lines
24:58 Stone Mining
26:41 Stone Shaft Mining
26:30 Double-Bit Axe
27:15 Hand Cart
27:03 Town Watch
justifie
17:29 Feudal Age
18:08 Fishing Lines
18:15 Double-Bit Axe
18:37 Horse Collar
23:30 Gold Mining
23:30 Stone Mining
26:46 Castle Age
28:03 Wheelbarrow
30:22 Heavy Plow
30:33 Bow Saw
31:00 Gold Shaft Mining
33:47 Imperial Age
RicoTico
19:34 Feudal Age
20:56 Wheelbarrow
20:07 Fishing Lines
22:00 Double-Bit Axe
21:59 Horse Collar
26:57 Fletching
27:07 Padded Archer Armor
30:20 Castle Age
翻斗花园突击手刷子fores
10:07 Loom
13:57 Feudal Age
16:41 Fletching
19:19 Double-Bit Axe
28:06 Castle Age
25:58 Horse Collar
Connection lost

Rejoining the realm…

Still unreachable

The connection could not be restored.

Session expired

The server has moved on; the page needs a fresh start.